Map: Radhuset Station LE

Players

Lemon

  • Race: Zerg Zerg
  • League: Diamond
  • Spawn Location: 7:00

SubN - Winner!

  • Race: Zerg Zerg
  • League: Diamond
  • Spawn Location: 1:00

VOD

Have the link to the VOD?

Description

Time

  • Played on: Dec. 20, 2023, 10:42 p.m.
  • Length: 11:24
Show
View Real Time Build Order
Export as new Build Order

Lemon Zerg 

Build Orders: Hatch First 

Get SALT Encoding   

  12  0:00  Drone  
  13  0:12  Overlord  
  13  0:17  Drone  
  14  0:30  Drone x2  
  16  0:51  Hatchery  
  16  0:54  Drone  
  16  0:57  Drone  
  16  0:59  Extractor  
  16  1:15  Spawning Pool  
  16  1:17  Drone  
  16  1:24  Drone  
  17  1:26  Drone  
  18  1:36  Drone  
  19  1:41  Overlord  
  19  1:50  Drone  
  20  2:05  Queen  
  20  2:07  Queen  
  24  2:13  Metabolic Boost  
  24  2:17  Zergling x2  
  24  2:20  Zergling x2  
  26  2:29  Baneling Nest, Drone  
  26  2:35  Drone  
  26  2:36  Drone  
  28  2:45  Zergling x2  
  28  2:49  Drone  
  28  2:50  Drone x2  
  32  2:55  Overlord  
  32  3:03  Lair  
  32  3:12  Drone x3  
  35  3:13  Drone  
  35  3:17  Drone  
  35  3:18  Drone  
  38  3:20  Drone  
  38  3:28  Queen  
  40  3:42  Roach Warren  
  40  3:46  Zergling x6  
  40  3:47  Zergling x2, Overlord  
  43  4:00  Baneling x2  
  43  4:01  Baneling x2  
  43  4:19  Drone x5, Extractor  
  43  4:20  Drone x2  
  43  4:21  Overlord  
  43  4:23  Extractor  
  48  4:24  Glial Reconstitution  
  48  4:25  Extractor  
  48  4:26  Roach  
  48  4:27  Roach  
  48  4:28  Overlord  
  45  4:54  Roach  
  45  4:55  Roach x2  
  51  5:04  Hatchery  
  50  5:19  Drone, Evolution Chamber  
  50  5:20  Evolution Chamber  
  49  5:26  Roach x8  
  49  5:28  Zergling x6  
  66  5:31  Overlord  
  68  5:51  Roach x4  
  68  5:56  Hydralisk Den  
  75  6:04  Drone  
  75  6:10  Overlord x2  
  74  6:32  Ravager x2  
  76  6:33  Ravager x2  
  76  6:35  Roach x5  
  88  6:40  Drone x2  
  88  6:41  Drone  
  91  6:50  Drone x3  
  91  6:52  Drone  
  95  7:00  Drone x2  
  97  7:05  Zerg Ground Armor Level 1  
  96  7:09  Zerg Missile Weapons Level 1  
  96  7:15  Roach x2  
  80  7:24  Overseer  
  80  7:29  Ravager  
  81  7:30  Ravager  
  81  7:33  Drone  
  81  7:34  Drone x7  
  88  7:46  Burrow  
  86  7:54  Ravager  
  86  7:55  Ravager  
  86  7:56  Ravager  
  89  8:09  Drone  
  89  8:10  Drone x7, Overlord  
  89  8:11  Overlord x3  
  89  8:12  Drone  
  98  8:19  Muscular Augments  
  98  8:24  Extractor  
  98  8:25  Extractor  
  91  8:43  Roach  
  91  8:44  Roach x13  
  91  8:46  Roach  
  93  8:48  Roach  
  95  9:01  Roach x5  
  105  9:05  Roach  
  105  9:09  Roach  
  109  9:11  Roach x2  
  109  9:12  Roach x3  
  109  9:13  Ravager x3  
  122  9:18  Roach  
  122  9:19  Roach x2  
  122  9:23  Hydralisk  
  130  9:27  Overlord x2  
  128  9:34  Hydralisk  
  128  9:35  Roach x2  
  128  9:36  Roach  
  106  9:47  Hydralisk x2  
  106  9:48  Roach x3  
  83  10:08  Hydralisk x2  
  83  10:09  Roach x4  
  95  10:18  Hydralisk  
  95  10:19  Hydralisk, Roach x3  
  103  10:25  Hydralisk  
  103  10:26  Roach  
  99  10:35  Hydralisk x3, Roach  
  93  10:36  Hydralisk, Roach x2  
  93  10:37  Roach  
  93  10:39  Roach  
  93  10:41  Roach  
  99  10:42  Roach  
  99  10:44  Roach  
  99  10:46  Roach  
  99  10:49  Roach  
  100  10:54  Roach  
  100  10:57  Roach  
  100  11:02  Roach x2  
Show
View Real Time Build Order
Export as new Build Order

SubN Zerg - Winner!

Build Orders: Hatch First 

Get SALT Encoding   

  12  0:00  Drone  
  13  0:12  Overlord  
  13  0:18  Drone  
  14  0:30  Drone x2  
  16  0:50  Hatchery  
  16  0:54  Drone  
  16  0:57  Drone  
  17  1:01  Drone  
  18  1:12  Extractor  
  18  1:17  Spawning Pool  
  16  1:20  Drone  
  16  1:23  Drone  
  18  1:27  Drone  
  19  1:38  Drone  
  20  1:50  Drone  
  21  1:59  Overlord  
  21  2:04  Queen x2  
  25  2:09  Drone  
  26  2:16  Drone  
  26  2:17  Drone  
  26  2:20  Metabolic Boost  
  28  2:26  Drone x2  
  30  2:36  Overlord  
  30  2:41  Overlord  
  30  2:45  Queen  
  30  2:48  Drone  
  33  2:54  Lair  
  33  2:57  Drone  
  34  2:58  Drone  
  34  3:01  Drone  
  34  3:05  Drone  
  37  3:08  Drone  
  38  3:16  Spine Crawler  
  38  3:18  Spine Crawler  
  37  3:29  Drone  
  37  3:31  Drone x5  
  44  3:40  Roach Warren  
  43  3:42  Drone, Evolution Chamber  
  43  3:43  Drone  
  43  3:47  Extractor  
  43  3:52  Drone  
  43  3:53  Drone, Evolution Chamber  
  44  3:57  Drone x2  
  46  4:03  Spine Crawler  
  46  4:08  Drone x2  
  47  4:14  Zerg Missile Weapons Level 1  
  47  4:19  Zerg Ground Armor Level 1  
  47  4:25  Extractor  
  47  4:30  Roach x2  
  50  4:32  Overlord x2  
  50  4:34  Zergling x4  
  46  4:53  Roach x2  
  46  4:57  Drone x4  
  52  5:00  Glial Reconstitution  
  52  5:03  Drone  
  52  5:05  Drone  
  52  5:06  Drone  
  55  5:13  Hatchery  
  54  5:14  Drone x3  
  57  5:24  Drone x2  
  59  5:29  Overlord  
  59  5:32  Queen  
  61  5:51  Drone x6  
  67  5:59  Roach  
  67  6:00  Roach  
  67  6:03  Overseer  
  71  6:06  Overlord x2  
  71  6:07  Overlord  
  71  6:12  Roach x2  
  74  6:28  Roach x3  
  74  6:29  Roach x3  
  74  6:32  Zerg Ground Armor Level 2, Zerg Missile Weapons Level 2  
  86  6:34  Overlord  
  86  6:35  Overlord  
  86  6:36  Roach x2  
  90  6:43  Drone x4  
  90  6:47  Extractor, Queen  
  94  6:48  Drone x2  
  94  6:50  Drone  
  98  6:55  Drone  
  98  6:57  Drone  
  87  7:19  Roach  
  87  7:20  Roach x7  
  101  7:26  Overlord x2  
  101  7:27  Extractor  
  100  7:32  Ravager x3  
  103  7:38  Roach x3  
  105  7:52  Ravager  
  105  7:53  Roach x2  
  105  7:54  Roach  
  105  7:56  Zergling x2  
  105  7:57  Zergling x22  
  124  8:09  Drone  
  124  8:10  Drone x2  
  127  8:18  Overlord x2  
  127  8:29  Roach  
  127  8:32  Overlord x3  
  120  8:58  Hatchery  
  121  9:03  Roach x13  
  145  9:12  Infestation Pit  
  142  9:20  Roach  
  142  9:21  Roach x4  
  151  9:27  Overseer  
  151  9:31  Extractor  
  134  9:38  Roach  
  134  9:39  Roach x10  
  142  9:48  Roach x4  
  137  10:03  Roach x6  
  137  10:04  Roach  
  149  10:09  Drone  
  149  10:10  Drone x2  
  149  10:11  Queen  
  149  10:12  Overlord  
  152  10:28  Roach x2  
  154  10:29  Roach x2  
  152  10:47  Queen  
  150  11:01  Roach x12  
Tags
 
Add a new tag
Caveats
  • Supply blocks, unpowered buildings, or Contaminate may cause inaccurate times.
  • Supply counts are checked every 10 seconds.